 Dungeon Crawl Stone Soup version 0.14-a0-2618-g5301534 (webtiles) character file.

596 CrazyArbalest the Bolt Thrower (level 6, -6/43 HPs)
             Began as a Demonspawn Hunter on Feb 14, 2014.
             Was an Initiate of Okawaru.
             Mangled by an orc warrior
             ... wielding a +0,+1 orcish glaive
              (9 damage)
             ... on Level 4 of the Dungeon.
             The game lasted 00:18:36 (3353 turns).

CrazyArbalest the Bolt Thrower (Demonspawn Hunter)  Turns: 3353, Time: 00:18:36

HP  -6/43        AC  4     Str 14      XL: 6   Next: 81%
MP   6/6         EV 12     Int 12      God: Okawaru [......]
Gold 130         SH  0     Dex 14      Spells:  0 memorised,  5 levels left

rFire  . . .     SeeInvis .     b - +1 crossbow
rCold  . . .     Clarity  .     d - +0 leather armour
rNeg   . . .     Conserve +     (no shield)
rPois  +         rCorr    .     (no helmet)
rElec  .         rRot     .     (no cloak)
SustAb . .       Spirit   .     D - +0 pair of elf gloves
rMut   .         Warding  .     (no boots)
Saprov . . .     Stasis   .     g - amulet of conservation {unknown}
MR     .....                    (no ring)
                                v - ring of poison resistance

@: not resistant to hostile enchantments, unstealthy
A: hooves 1, powered by death 1
a: Renounce Religion


You were on level 4 of the Dungeon.
You worshipped Okawaru.
Okawaru was noncommittal.
You were not hungry.

You visited 2 branches of the dungeon, and saw 5 of its levels.

You collected 130 gold pieces.

Inventory:

Hand weapons
 a - a +0,+1 dwarven mace
 b - a +1,+1 crossbow (weapon)
 x - a +1,+0 elven whip
Missiles
 c - 15 bolts
 w - 8 bolts of frost (quivered)
Armour
 d - a +0 leather armour (worn)
 D - a +0 pair of elven gloves (worn)
Magical devices
 A - a wand of fire (4)
Comestibles
 f - 4 bread rations
Scrolls
 i - 4 scrolls of remove curse
 j - 2 scrolls of identify {unknown}
 k - a scroll of magic mapping {unknown}
 l - 4 scrolls of enchant weapon II {unknown}
 m - a scroll of blinking {unknown}
 n - 2 scrolls of fog {unknown}
 p - a scroll of immolation {unknown}
 q - a scroll of enchant armour {unknown}
 r - 2 scrolls of curse jewellery {unknown}
 u - a scroll of teleportation {unknown}
 y - 2 scrolls of fear {unknown}
 z - a scroll of curse armour {unknown}
Jewellery
 g - an amulet of conservation (around neck) {unknown}
 v - a ring of poison resistance (left hand)
Potions
 e - a potion of poison {unknown}
 h - 2 potions of curing {unknown}
 o - a potion of flight {unknown}
 s - a potion of mutation {unknown}
 t - a potion of paralysis
 B - a potion of invisibility {unknown}
 C - a potion of heal wounds


   Skills:
 + Level 1.6 Fighting
 * Level 2.3 Maces & Flails
 * Level 5.4 Crossbows
 + Level 2.3 Armour
 + Level 3.2 Dodging
 + Level 1.6 Stealth


You had 5 spell levels left.
You didn't know any spells.

Dungeon Overview and Level Annotations

Branches:
Dungeon (4/16)             Temple (1/1) D:4

Altars:
Ashenzari
Cheibriados
Dithmenos
Elyvilon
Fedhas
Kikubaaqudgha
Makhleb
Nemelex Xobeh
Okawaru
Sif Muna
Trog
Vehumet
Xom
Yredelemnul
Zin
The Shining One

Shops:
D:4 }


Innate Abilities, Weirdness & Mutations

You have large cloven feet.
You can steal the life force of nearby defeated enemies.


Message History

Aim: an orc warrior, wielding an orcish glaive and wearing an orcish chain mail (heavily wounded)
You shoot a bolt of frost. The bolt of frost hits the orc warrior.
The orc warrior appears unharmed.
The orc warrior is heavily wounded.
The orc warrior hits you from afar with an orcish glaive!
* * * LOW HITPOINT WARNING * * *
Firing (i - inventory. (,) - cycle):
w - 10 bolts of frost (quivered)
Press: ? - help, Shift-Dir - straight line, f/p - orc warrior
Aim: an orc warrior, wielding an orcish glaive and wearing an orcish chain mail (heavily wounded)
You shoot a bolt of frost.
The bolt of frost misses the orc warrior.
The orc warrior hits you from afar with an orcish glaive.
* * * LOW HITPOINT WARNING * * *
Firing (i - inventory. (,) - cycle):
w - 9 bolts of frost (quivered)
Press: ? - help, Shift-Dir - straight line, f/p - orc warrior
Aim: an orc warrior, wielding an orcish glaive and wearing an orcish chain mail (heavily wounded)
You shoot a bolt of frost. The bolt of frost hits the orc warrior.
The orc warrior is severely wounded.
The orc warrior hits you from afar with an orcish glaive!
You die...

#..### ##...# ##....#
########.....#
#...####..##.# #####
#....###..##.# #...#
#....###..##)###...###
...#..##..##...'...o>#
..##..#..#######@..#.#
.###....## #...#.#
.###...#########..o#.#
.#######.............#
##### #############(#
..#.# ......(.(oo..#
..#.# #.............#
..#.#
#.............######
....##
#..................#


You could see an orc warrior and an orc.

Vanquished Creatures
  An ogre (D:4)
  A phantom (D:3)
  An orc priest (D:4)
  An iguana (D:4)
  An orc wizard (D:4)
  A worker ant (D:4)
  Ijyb (D:3)
  7 adders
  3 worms
  A giant eyeball (D:4)
  4 giant geckos
  4 orcs (D:4)
  A ball python (D:3)
  5 giant cockroaches
  5 goblins
  7 hobgoblins
  2 jackals (D:1)
  3 quokkas
  16 bats
  4 giant newts
  13 kobolds
  7 rats
89 creatures vanquished.

Notes
Turn   | Place    | Note
--------------------------------------------------------------
     0 | D:1      | CrazyArbalest, the Demonspawn Hunter, began the quest for the Orb.
     0 | D:1      | Reached XP level 1. HP: 15/15 MP: 1/1
   203 | D:1      | Reached skill level 4 in Crossbows
   203 | D:1      | Gained mutation: You can steal the life force of nearby defeated enemies. [demonic ancestry]
   203 | D:1      | Reached XP level 2. HP: 19/21 MP: 2/2
   676 | D:1      | Gained mutation: You have large cloven feet. [demonic ancestry]
   676 | D:1      | Reached XP level 3. HP: 22/26 MP: 3/3
   923 | D:2      | Reached skill level 1 in Stealth
   938 | D:2      | Reached XP level 4. HP: 22/32 MP: 4/4
  1006 | D:2      | Reached skill level 1 in Armour
  1129 | D:2      | Reached skill level 1 in Maces & Flails
  1499 | D:2      | Found a radiant altar of Vehumet.
  1655 | D:3      | Noticed Ijyb
  1688 | D:3      | Noticed a phantom
  1707 | D:3      | Killed a phantom
  1707 | D:3      | Reached XP level 5. HP: 25/37 MP: 5/5
  1764 | D:3      | Killed Ijyb
  2102 | D:3      | Paralysed by a potion of paralysis for 5 turns
  2104 | D:3      | HP: 1/37 [poisoned by a kobold]
  2493 | D:4      | Reached skill level 5 in Crossbows
  2493 | D:4      | Reached XP level 6. HP: 43/43 MP: 6/6
  2577 | D:4      | Noticed an ogre
  2583 | D:4      | Killed an ogre
  2637 | D:4      | Found Tradiki's Gadget Boutique.
  2637 | D:4      | Found a staircase to the Ecumenical Temple.
  2667 | Temple   | Entered the Ecumenical Temple
  2886 | Temple   | Became a worshipper of Warmaster Okawaru
  3335 | D:4      | Noticed an orc warrior
  3353 | D:4      | Mangled by an orc warrior

Action                   |  1- 3 |  4- 6 || total
-------------------------+-------+-------++-------
Melee: Whip              |    26 |       ||    26
       Short sword       |    12 |       ||    12
       Mace              |    87 |   144 ||   231
 Fire: Crossbow          |     6 |    38 ||    44
  Use: Potion            |       |     2 ||     2
       Scroll            |       |     1 ||     1
 Stab: Sleeping          |     1 |       ||     1
